 Dungeon Crawl Stone Soup version 0.19-a0-1714-gcab94ab (webtiles) character file.

1467 qqqbard the Cruncher (level 8, -2/71 HPs)
             Began as a Minotaur Gladiator on Sept 28, 2016.
             Was a Follower of Okawaru.
             Slain by an orc warrior
             ... wielding a +0 war axe
              (18 damage)
             ... on level 6 of the Dungeon.
             The game lasted 00:08:52 (4224 turns).

qqqbard the Cruncher (Minotaur Gladiator)           Turns: 4224, Time: 00:08:53

Health: -2/71      AC: 11    Str: 20    XL:     8   Next: 48%
Magic:  7/7        EV: 10    Int:  5    God:    Okawaru [*.....]
Gold:   298        SH:  0    Dex: 13    Spells: 0 memorised, 7 levels left

rFire  + . .     SeeInvis .     a - +1 quarterstaff
rCold  . . .     Gourm    .     n - +0 chain mail
rNeg   . . .     Faith    .     (shield currently unavailable)
rPois  .         Spirit   .     c - +1 hat
rElec  .         Dismiss  .     (no cloak)
rCorr  .         Reflect  .     (no gloves)
MR     .....     Harm     .     (no boots)
Stlth  ..........               (no amulet)
                                (no ring)
                                r - ring of protection from fire

@: no status effects
A: retaliatory headbutt, horns 2
a: Heroism, Renounce Religion


You were on level 6 of the Dungeon.
You worshipped Okawaru.
Okawaru was aware of your devotion.
You were not hungry.

You visited 2 branches of the dungeon, and saw 7 of its levels.

You collected 298 gold pieces.

Inventory:

Hand Weapons
 a - a +1 quarterstaff (weapon)
Missiles
 d - 3 throwing nets (quivered)
Armour
 c - a +1 hat (worn)
 n - a +0 chain mail (worn)
Jewellery
 r - a ring of protection from fire (left hand)
Wands
 w - a wand of teleportation (4/9)
 y - a wand of confusion (33/48)
Scrolls
 b - a scroll of amnesia {unknown}
 h - a scroll of brand weapon {unknown}
 j - a scroll of fear
 q - a scroll of immolation
 u - 2 scrolls of teleportation
 A - 2 scrolls of remove curse
Potions
 e - a potion of lignification
 i - a potion of cancellation
 l - a potion of resistance
 m - 2 potions of curing
 t - a potion of brilliance {unknown}
Books
 x - a book of Minor Magic

   Spells                             Type                      Level
   a - Magic Dart                     Conjuration                  1
   b - Blink                          Translocation                2
   c - Call Imp                       Summoning                    2
   d - Repel Missiles                 Charms/Air                   2
   e - Slow                           Hexes                        2
   f - Conjure Flame                  Conjuration/Fire             3
   g - Mephitic Cloud                 Conjuration/Poison/Air       3
Comestibles
 f - 2 bread rations
 g - 8 fruits
 o - 2 meat rations
 p - a beef jerky
 z - a chunk of flesh


   Skills:
 + Level 6.4 Fighting
 * Level 9.0 Staves
 - Level 2.0 Throwing
 + Level 5.2 Armour
 + Level 5.8 Dodging


You had 7 spell levels left.
You didn't know any spells.

Dungeon Overview and Level Annotations

Branches:
Dungeon (6/15)             Temple (1/1) D:5

Altars:
Ashenzari
Cheibriados
Dithmenos
Elyvilon
Fedhas
Gozag
Hepliaklqana
Makhleb
Okawaru
Qazlal
Ru
Sif Muna
Trog
Uskayaw
Xom
Yredelemnul
Zin
The Shining One

Shops:
D:4 %


Innate Abilities, Weirdness & Mutations

You reflexively headbutt those who attack you in melee.
You have a pair of horns on your head.


Message History

A sky beast appears from thin air!
Reactivating autopickup.
You barely miss the orc warrior.
The orc warrior is heavily wounded.
The orc warrior hits you with a war axe!
You closely miss the orc warrior.
The orc warrior is heavily wounded.
The orc warrior hits you with a war axe!
* * * LOW HITPOINT WARNING * * *
You hit the orc warrior but do no damage.
Your headbutt misses the orc warrior.
The orc warrior is heavily wounded.
You hit the orc warrior.
The orc warrior is heavily wounded.
The orc warrior hits you with a war axe.
* * * LOW HITPOINT WARNING * * *
You hit the orc warrior but do no damage.
The orc warrior is heavily wounded.
The orc warrior hits you with a war axe!!
You die...

### ########### ..#
#.......... #####.#
#.#########
.....#############.#### #
######)[##...............#
#
...........##########.##.#
#
######.#..≈nYo@.)..)..##.#
# #.....#############[# #
........# #.# # #####...#
#.# # #...# #.# # #...#
#.# # #...# #.# # #...# #
#...# #


You could see an orc warrior, a sky beast and a necrophage.

Vanquished Creatures
  The ghost of mandarbmax the Ruffian, a novice DrTm of Vehumet (D:5)
  Eustachio (D:4)
  A steam dragon (D:6)
  An ogre (D:4)
  3 bullfrogs
  3 wights (D:6)
  A bullfrog zombie (D:5)
  2 orc priests
  2 hounds
  An orc wizard (D:4)
  Natasha (D:4)
  3 worker ants
  A worker ant zombie (D:5)
  A howler monkey skeleton (D:5)
  4 gnolls (D:4)
  8 adders
  An adder skeleton (D:4)
  3 worms
  A dart slug (D:2)
  5 leopard geckos
  18 orcs
  3 giant cockroaches
  6 goblins
  5 hobgoblins
  12 jackals
  7 kobolds
  5 quokkas
  2 ball pythons (D:2)
  2 bats
  9 frilled lizards
  A giant cockroach zombie (D:5)
  5 rats
119 creatures vanquished.

Notes
Turn   | Place    | Note
-------+----------+-------------------------------------------
     0 | D:1      | qqqbard the Minotaur Gladiator began the quest for the Orb.
     0 | D:1      | Reached XP level 1. HP: 18/18 MP: 0/0
   295 | D:1      | Reached skill level 4 in Staves
   295 | D:1      | Reached XP level 2. HP: 20/25 MP: 1/1
   600 | D:1      | Reached skill level 1 in Armour
   742 | D:2      | Reached XP level 3. HP: 31/31 MP: 2/2
  1097 | D:2      | Reached XP level 4. HP: 38/38 MP: 3/3
  1492 | D:3      | Reached skill level 5 in Staves
  1845 | D:3      | Found a blossoming altar of Fedhas.
  1982 | D:4      | Noticed an ogre
  1983 | D:4      | Noticed a bullfrog
  1987 | D:4      | Killed an ogre
  1987 | D:4      | Reached XP level 5. HP: 18/46 MP: 4/4
  1989 | D:4      | Reached skill level 6 in Staves
  1989 | D:4      | Reached XP level 6. HP: 21/52 MP: 5/5
  2096 | D:4      | Noticed Eustachio
  2115 | D:4      | Killed Eustachio
  2386 | D:4      | Found Effiug's Food Boutique.
  2453 | D:4      | Reached XP level 7. HP: 58/60 MP: 6/6
  2508 | D:4      | Reached skill level 5 in Fighting
  2509 | D:4      | Reached skill level 7 in Staves
  2592 | D:4      | Noticed Natasha
  2601 | D:4      | Killed Natasha
  2752 | D:5      | Entered Level 5 of the Dungeon
  2789 | D:5      | Found a staircase to the Ecumenical Temple.
  2802 | Temple   | Entered the Ecumenical Temple
  2935 | Temple   | Became a worshipper of Warmaster Okawaru
  3021 | D:5      | Noticed mandarbmax's ghost (novice DrTm)
  3045 | D:5      | Killed mandarbmax's ghost
  3045 | D:5      | Reached skill level 5 in Dodging
  3094 | D:5      | Found a hazy altar of Hepliaklqana.
  3355 | D:5      | Reached skill level 8 in Staves
  3808 | D:6      | Reached * piety under Okawaru
  3808 | D:6      | Reached XP level 8. HP: 60/70 MP: 7/7
  3813 | D:6      | Found a snail-covered altar of Cheibriados.
  3867 | D:6      | Reached skill level 5 in Armour
  4209 | D:6      | Reached skill level 9 in Staves
  4224 | D:6      | Slain by an orc warrior

Vault maps used:
D:1:      dpeg_arrival_orchard
D:3:      fedhas_altar_fruit_tree
D:4:      serial_shops, kennysheep_mini_moat, first_bread, uniq_eustachio,
          uniq_natasha
D:5:      kennysheep_mini
D:6:      nemelex_xobeh_ov_fountains_minmay, cheibriados_altar_1, uniq_edmund
Temple:   regret_index_temple_sphere_string

Skill      XL: |  1  2  3  4  5  6  7  8 |
---------------+-------------------------+-----
Staves         | 4 5 6 8 9 |  9.0
Armour         | 1 2 3 4 5 |  5.2
Fighting       | 3 4 5 6 |  6.4
Dodging        | 4 5 |  5.8
Throwing       | |  2.0

Action                   |  1- 3 |  4- 6 |  7- 9 || total
-------------------------+-------+-------+-------++-------
Melee: Quarterstaff      |    71 |   120 |   162 ||   353
       Headbutt          |     7 |    25 |    35 ||    67
  Use: Scroll            |     2 |     8 |     5 ||    15
       Potion            |       |       |     1 ||     1
  Eat: Chunk             |     1 |     4 |     4 ||     9
       Pizza             |       |       |     1 ||     1
Armor: Leather armour    |     9 |       |       ||     9
       Chain mail        |    28 |    71 |    57 ||   156
Dodge: Dodged            |    31 |    58 |    63 ||   152
